 Dungeon Crawl Stone Soup version 0.20.1-1-g8b1a95d (webtiles) character file.

614 Monsterracer the Frost Mage (level 7, 0/67 HPs)
             Began as a Naga Ice Elementalist on Aug 22, 2017.
             Slain by a vampire (12 damage)
             ... created by the anger of Yredelemnul
             ... on level 3 of the Dungeon.
             The game lasted 00:12:56 (3691 turns).

Monsterracer the Frost Mage (Naga Ice Elementalist) Turns: 3691, Time: 00:12:56

Health: 0/67       AC:  3    Str: 11    XL:     7   Next: 44%
Magic:  11/15      EV:  9    Int: 17    God:
Gold:   165        SH:  0    Dex: 11    Spells: 7/17 levels left

rFire    . . .     SeeInvis +   a - +0 long sword
rCold    . . .     Gourm    .   (no shield)
rNeg     . . .     Faith    .   p - +0 robe
rPois    +         Spirit   .   (no helmet)
rElec    .         Reflect  .   (no cloak)
rCorr    .         Harm     .   (no gloves)
MR       .....                  (no barding)
Stlth    ++++......             k - amulet of rage
Regen    0.3/turn               (no ring)
MPRegen  0.2/turn               (no ring)

@: drained, very slow
A: see invisible, deformed body, poison resistance, slowness 2, slow metabolism
1, spit poison 1, AC +2
a: Spit Poison, Evoke Berserk Rage


You were on level 3 of the Dungeon.
You were not hungry.

You visited 1 branch of the dungeon, and saw 6 of its levels.

You collected 165 gold pieces.

Inventory:

Hand Weapons
 a - a +0 long sword (weapon)
 b - a +1 whip of holy wrath
Missiles
 u - 86 stones (quivered)
Armour
 p - a +0 robe (worn)
 w - a cursed -1 scale mail
Jewellery
 k - an amulet of rage (around neck)
Scrolls
 d - 2 scrolls of remove curse
 h - a scroll of teleportation
 i - 2 scrolls of fog {unknown}
 j - a scroll of amnesia {unknown}
 m - 2 scrolls of identify {unknown}
 o - a scroll of enchant armour {unknown}
 v - a scroll of random uselessness {unknown}
Potions
 e - a potion of invisibility {unknown}
 n - a potion of heal wounds
Books
 q - a book of Frost

   Spells                             Type                      Level
   a - Freeze                         Ice                          1
   b - Throw Frost                    Conjuration/Ice              2
   c - Ozocubu's Armour               Charms/Ice                   3
   d - Throw Icicle                   Conjuration/Ice              4
   e - Summon Ice Beast               Ice/Summoning                4
Comestibles
 c - 2 bread rations
 g - a royal jelly


   Skills:
 + Level 5.1(4.5) Fighting
 - Level 1.5(1.0) Dodging
 + Level 8.5(7.9) Stealth
 + Level 5.8(5.2) Spellcasting
 - Level 1.0(0.5) Conjurations
 + Level 5.2(4.6) Summonings
 * Level 9.3(8.7) Ice Magic


You had 7 spell levels left.
You knew the following spells:

 Your Spells              Type           Power        Failure   Level  Hunger
a - Freeze                Ice            ####         1%          1    None
b - Throw Frost           Conj/Ice       ###...       3%          2    #......
c - Ozocubu's Armour      Chrm/Ice       ###.....     7%          3    ###....
d - Summon Ice Beast      Ice/Summ       ####....     9%          4    ####...


Dungeon Overview and Level Annotations

Branches:
Dungeon (6/15)
 Temple: D:4-7

Altars:
Yredelemnul


Innate Abilities, Weirdness & Mutations

You cannot wear boots.
Your serpentine skin is tough. (AC +2)
You have supernaturally acute eyesight. (SInv)
Armour fits poorly on your strangely shaped body.
Your system is resistant to poisons. (rPois)
You cover ground very slowly.
You have a slow metabolism.
You can spit poison.


Message History

Your base Ice Magic skill gained 4 levels and is now at level 9!
You have reached level 7!
The vampire hits you. The vampire bites you!
* * * LOW HITPOINT WARNING * * *
The vampire draws strength from your injuries!
Huge Dmg: -15%(-10hp) hp: 33%(22hp) It was a potion of haste.
You feel yourself speed up. The vampire hits you!
* * * LOW HITPOINT WARNING * * *
The vampire barely misses you.
Huge Dmg: -15%(-10hp) hp: 18%(12hp) It was a potion of might.
You feel very mighty all of a sudden.
Unknown command.
It was a potion of cancellation.
Your magical effects are unravelling.
You feel magically purged.
You feel yourself slow down.
You feel less confused.
You feel a little less mighty now. The vampire hits you!
You die...

.##.#(........# ####.........#
.##.#..######.###............#
.##.#..(.....................#
..#.#.#######.#...#....#######
..#.#.........#...#....#
....#...#........##....#
##..#...#.#####.V...####
#..#...#.# ##V#### #.>#...#.#
#@# ####...#.# #.# #####...#.#
#.# ..........# #.#
########).## #.# #...^.....#
#.# #.#####...# #.#
#.#.......# #.# #.#.##....#
#.#


You could see 2 vampires.

Vanquished Creatures
  The ghost of TheGuigne the Bolt Thrower, an amateur MiHu (D:4)
  A wight (D:3)
  A centaur zombie (D:3)
  An orc wizard (D:3)
  7 adders
  An ooze (D:3)
  An adder skeleton (D:4)
  2 worms
  3 dart slugs
  2 leopard geckos
  4 orcs (D:3)
  3 giant cockroaches
  4 goblins
  9 hobgoblins
  3 jackals (D:3)
  8 kobolds
  3 quokkas (D:3)
  A ball python (D:2)
  9 bats
  4 frilled lizards
  A leopard gecko skeleton (D:4)
  5 rats
74 creatures vanquished.

Notes
Turn   | Place    | Note
-------+----------+-------------------------------------------
     0 | D:1      | Monsterracer the Naga Ice Elementalist began the quest for the Orb.
     0 | D:1      | Reached XP level 1. HP: 15/15 MP: 3/3
   154 | D:1      | Reached XP level 2. HP: 21/22 MP: 0/5
   342 | D:1      | You fall through a shaft!
   364 | D:2      | Learned a level 2 spell: Throw Frost
   466 | D:2      | Reached XP level 3. HP: 28/28 MP: 6/6
   471 | D:2      | Learned a level 3 spell: Ozocubu's Armour
   527 | D:1      | Reached skill level 4 in Ice Magic
  1320 | D:2      | Reached XP level 4. HP: 36/36 MP: 7/7
  1820 | D:3      | Found a faded altar of an unknown god.
  1840 | D:3      | Became a worshipper of Yredelemnul the Dark
  1840 | D:3      | Reached * piety under Yredelemnul
  2035 | D:3      | Reached XP level 5. HP: 35/42 MP: 7/9
  2048 | D:3      | You fall through a shaft for 3 floors!
  2048 | D:6      | Noticed a phantom
  2057 | D:5      | Entered Level 5 of the Dungeon
  2121 | D:5      | Learned a level 4 spell: Summon Ice Beast
  2156 | D:4      | Reached skill level 5 in Ice Magic
  2484 | D:4      | Noticed TheGuigne's ghost (amateur MiHu)
  2485 | D:4      | Fell from the grace of Yredelemnul
  2494 | D:4      | HP: 30/63 [TheGuigne's ghost (14)]
  2496 | D:4      | Killed TheGuigne's ghost
  2496 | D:4      | Reached skill level 1 in Fighting
  2496 | D:4      | Reached skill level 1 in Summonings
  2496 | D:4      | Reached XP level 6. HP: 27/51 MP: 9/11
  3015 | D:3      | HP: 21/50 [centaur zombie[the anger of Yredelemnul] (7)]
  3018 | D:3      | HP: 9/50 [centaur zombie[the anger of Yredelemnul] (2)]
  3026 | D:3      | HP: 9/50 [poisoned by a kobold]
  3386 | D:3      | HP: 37/75 [wight/enchanted mace[the anger of Yredelemnul] (1)]
  3431 | D:3      | Noticed a vampire
  3434 | D:3      | HP: 18/50 [vampire[the anger of Yredelemnul] (15)]
  3442 | D:3      | HP: 12/50 [quokka (3)]
  3682 | D:3      | Noticed a vampire
  3682 | D:3      | Noticed a vampire
  3688 | D:3      | Reached skill level 5 in Fighting
  3688 | D:3      | Reached skill level 5 in Spellcasting
  3688 | D:3      | Reached skill level 5 in Summonings
  3688 | D:3      | Reached skill level 9 in Ice Magic
  3688 | D:3      | Reached XP level 7. HP: 42/67 MP: 11/15
  3688 | D:3      | HP: 22/67 [vampire[the anger of Yredelemnul] (15)]
  3691 | D:3      | Slain by a vampire

Skill      XL: |  1  2  3  4  5  6 |
---------------+-------------------+-----
Ice Magic      | 4 5 9 |  9.3
Spellcasting   | 3 5 |  5.8
Fighting       | 1 5 |  5.1
Summonings     | 1 5 |  5.2
Stealth        | 8 |  8.5
Dodging        | |  1.5
Conjurations   | |  1.0

Action                   |  1- 3 |  4- 6 |  7- 9 || total
-------------------------+-------+-------+-------++-------
Melee: Unarmed           |    25 |       |       ||    25
       Club              |     7 |       |       ||     7
       Short sword       |     3 |       |       ||     3
       Spear             |     2 |    10 |       ||    12
       Long sword        |       |    44 |       ||    44
       Whip              |       |    22 |       ||    22
 Cast: Freeze            |    26 |    24 |       ||    50
Invok: Renounce Religion |       |     1 |       ||     1
 Abil: Spit Poison       |    20 |    20 |       ||    40
       Evoke Berserk Rag |       |     2 |       ||     2
  Use: Potion            |       |     2 |     3 ||     5
       Scroll            |       |     2 |       ||     2
 Stab: Sleeping          |     1 |     3 |       ||     4
  Eat: Chunk             |     2 |     8 |       ||    10
Armor: Robe              |    11 |    14 |       ||    25
Dodge: Dodged            |    34 |    55 |     1 ||    90
       Rpst.: Long sword |       |     9 |       ||     9
